 Dungeon Crawl Stone Soup version 0.28.0-43-g3370ac3207 (webtiles) character file.

Game seed: 7545287662214233633

592 weregamer the Gusty (level 7, -6/40 HPs)
             Began as a Tengu Air Elementalist on Apr 1, 2022.
             Killed by nerve-wracking pain
             ... invoked by Menkaure
              (14 damage)
             ... on level 4 of the Dungeon.
             The game lasted 00:28:52 (3899 turns).

weregamer the Gusty (Tengu Air Elementalist)        Turns: 3899, Time: 00:28:53

Health: -6/40      AC: 10    Str:  8    XL:     7   Next: 39%
Magic:  6/11       EV: 12    Int: 17    God:
Gold:   93         SH:  0    Dex: 15    Spells: 4/10 levels left

rFire   . . .      SeeInvis .   h - staff of conjuration
rCold   . . .      Faith    .   (no shield)
rNeg    . . .      Spirit   .   g - +4 ring mail
rPois   .          Reflect  .   d - +0 hat {Will+}
rElec   .          Harm     .   o - +0 cloak
rCorr   .          Rampage  .   (no gloves)
Will    +....                   (boots unavailable)
Stlth   +.........              (no amulet)
HPRegen 0.13/turn               (no ring)
MPRegen 0.12/turn               (no ring)

@: flying quickly and evasively, quick
A: beak, talons 3, nimble flight
a: no special abilities


You were on level 4 of the Dungeon.
You visited 1 branch of the dungeon, and saw 4 of its levels.

You collected 93 gold pieces.

Inventory:

Armour
 a - a +0 robe
 d - a +0 hat of willpower (worn)
 g - a +4 ring mail (worn)
 i - a +0 pair of boots
 o - a +0 cloak (worn)
 q - a +0 plate armour
Magical Staves
 b - a staff of earth
 h - a staff of conjuration (weapon)
Scrolls
 k - a scroll of enchant weapon {unknown}
 l - 3 scrolls of identify {unknown}
 m - a scroll of teleportation
 p - a scroll of holy word {unknown}
 r - a scroll of fog {unknown}
 s - a scroll of blinking {unknown}
Potions
 c - 2 potions of degeneration {unknown}
 e - a potion of might {unknown}
 f - 2 potions of lignification {unknown}
 j - a potion of cancellation {unknown}
 n - a potion of haste {unknown}


   Skills:
 * Level 2.1 Fighting
 * Level 2.5 Staves
 * Level 3.0 Armour
 + Level 2.5 Dodging
 + Level 2.2 Stealth
 - Level 0.2 Unarmed Combat
 - Level 2.0 Spellcasting
 * Level 4.8 Conjurations
 * Level 6.6 Air Magic
 * Level 1.8 Evocations


You had 4 spell levels left.
You knew the following spells:

 Your Spells              Type           Power      Damage    Failure   Level
a - Shock                 Conj/Air       100%       1d9       5%          1
b - Static Discharge      Conj/Air       31%        N/A       9%          2
c - Swiftness             Air            24%        N/A       11%         3

Your spell library contained the following spells:

 Spells                   Type           Power      Damage    Failure   Level
 Airstrike                Air            12%        N/A       36%         4
 Scorch                   Fire           2%         2d5       63%         2
 Flame Wave               Conj/Fire      14%        2d6       90%         4
 Summon Cactus Giant      Summ           0%         N/A       100%        6


Dungeon Overview and Level Annotations

Branches:
Dungeon (4/15)
 Temple: D:4-7

Altars:
Trog
Zin

Annotations:
D:2 Sigmund
D:4 Menkaure


Innate Abilities, Weirdness & Mutations

You have a beak for a mouth.
You have claws for feet.
Your magical nature lets you fly swiftly and evasively.


Message History

Menkaure is almost destroyed.
The gnoll hits you from afar with a +0 halberd!
Okay, then.
Casting: Shock (safe; 5% risk of failure)
Confirm with . or Enter, or press ? or * to list all spells.
Aiming: Shock (safe; 5% risk of failure)
Press: ? - help, Shift-Dir - straight line, f/p - Menkaure
Aim: Menkaure (almost destroyed, fast, 88% to hit)
You feel a surge of power!
The zap misses Menkaure.
The zap misses the gnoll shaman.
Menkaure calls on the powers of darkness!
The gnoll convulses!
Your body is wracked with pain!
The gnoll shaman convulses!
The gnoll convulses!
The gnoll hits you from afar with a +0 halberd.
Menkaure calls on the powers of darkness!
The gnoll convulses!
Your body is wracked with pain!
* * * LOW HITPOINT WARNING * * *
The gnoll shaman convulses!
The gnoll convulses!
The gnoll shaman calls upon its god to heal the gnoll.
The gnoll is healed somewhat.
Menkaure calls on the powers of darkness!
The gnoll convulses! x2; The gnoll shaman convulses!
Your body is wracked with pain!
* * * LOW HITPOINT WARNING * * *
You see here a +0 club.
The gnoll shaman calls upon its god to speed up the gnoll.
The gnoll seems to speed up.
Menkaure gestures at you while chanting.
You resist with some effort.
Menkaure's bandages flutter.
There is an open door here.
Menkaure giggles, "These cerements are ticklish..."
There is an open door here.
Menkaure points at you and mumbles some strange words.
You resist with some effort.
You reach down and open the door.
There is an open door here.
Menkaure points at you and mumbles some strange words.
Pain shoots through your body!
You die...

#...#+#.........#
#...............#
#...............#
#...............####.#
#...........<...'....#
#...............######
#..................#
###########..g#+#.##########.#
+.........g..M'.@.......# #.#
#####.#####...#......##.# #.#
# #.# ##########.##[# #.#
#####M##### #.##.# #.#
##........# #.##.# #.#
##........# #.##.####.#
.)........# #.#.......#
gg........# #+#########
..........#


You could see Menkaure (fast) and 2 gnolls.

Vanquished Creatures
  Grinder (D:4)
  Eustachio (D:4)
  A hound (D:4)
  Crazy Yiuf (D:3)
  An orc priest (D:4)
  Jessica (D:3)
  An orc wizard (D:4)
  4 gnolls
  3 adders
  2 dart slugs
  4 orcs
  3 bats
  5 endoplasms
  5 giant cockroaches
  8 goblins
  5 hobgoblins
  7 jackals
  3 kobolds
  2 quokkas
  A ball python (D:1)
  A frilled lizard (D:3)
  3 rats (D:1)
63 creatures vanquished.

Notes
Turn   | Place    | Note
-------+----------+-------------------------------------------
     0 | D:1      | weregamer the Tengu Air Elementalist began the quest for
                  | the Orb.
     0 | D:1      | Reached XP level 1. HP: 10/10 MP: 4/4
    63 | D:1      | Reached XP level 2. HP: 10/15 MP: 1/6
   234 | D:1      | Identified a scroll of acquirement
   234 | D:1      | Acquired a +0 hat of willpower
   711 | D:1      | Learned a level 2 spell: Static Discharge
   845 | D:1      | Reached XP level 3. HP: 19/19 MP: 5/7
  1125 | D:2      | Noticed Sigmund
  1437 | D:3      | Learned a level 3 spell: Swiftness
  1520 | D:3      | Reached skill level 1 in Staves
  1700 | D:3      | Found a runed translucent door.
  1701 | D:3      | Noticed Crazy Yiuf
  1856 | D:3      | Reached skill level 5 in Air Magic
  1856 | D:3      | Reached XP level 4. HP: 24/24 MP: 3/8
  1865 | D:3      | Reached skill level 1 in Fighting
  2272 | D:3      | Found a bloodstained altar of Trog.
  2450 | D:3      | Noticed Jessica
  2452 | D:3      | Killed Jessica
  2453 | D:3      | Gained mutation: Your magical nature lets you fly swiftly
                  | and evasively. [Tengu growth]
  2453 | D:3      | Reached XP level 5. HP: 29/29 MP: 5/9
  2676 | D:3      | Killed Crazy Yiuf
  2677 | D:3      | Reached skill level 1 in Armour
  3070 | D:4      | Noticed Grinder
  3078 | D:4      | Killed Grinder
  3079 | D:4      | Reached skill level 6 in Air Magic
  3079 | D:4      | Reached skill level 1 in Evocations
  3079 | D:4      | Reached XP level 6. HP: 18/35 MP: 0/10
  3439 | D:4      | Found a glowing silver altar of Zin.
  3464 | D:4      | Noticed Eustachio
  3477 | D:4      | Killed Eustachio
  3478 | D:4      | Reached XP level 7. HP: 40/40 MP: 3/11
  3861 | D:4      | Noticed Menkaure
  3899 | D:4      | Killed from afar by Menkaure

Illustrated notes

Levels and vault maps discovered:
D:1:      erik_arrival_triangle_large, layout_basic, minmay_strange_pillars,
          serial_park_tiny_pond
D:2:      kennysheep_big_flooded_room, layout_loops_corners,
          ebering_ecumenical_altar_ruins, grunt_decor_arrowhead,
          corner_web_ring, wander_ebering_terrifying_dragon_lair, uniq_natasha,
          uniq_sigmund
D:3:      layout_loops_ring, trog_book, small_statue_intersection,
          uniq_crazy_yiuf_cottage, uniq_jessica
D:4:      layout_basic, nicolae_overflow_hidden_temple, uniq_edmund, uniq_pikel,
          uniq_eustachio, uniq_grinder, uniq_menkaure, uniq_ijyb

Skill      XL: |  1  2  3  4  5  6  7 |
---------------+----------------------+-----
Conjurations   | 2 3 4 |  4.8
Staves         | 1 2 |  2.5
Air Magic      | 5 6 |  6.6
Fighting       | 1 2 |  2.1
Armour         | 1 2 3 |  3.0
Evocations     | 1 |  1.8
Dodging        | |  2.5
Stealth        | |  2.2
Unarmed Combat | |  0.2
Spellcasting   | |  2.0

Action                   |  1- 3 |  4- 6 |  7- 9 || total
-------------------------+-------+-------+-------++-------
Melee: Unarmed           |     3 |       |       ||     3
       Kick              |     3 |     4 |     3 ||    10
       Peck              |     1 |     3 |       ||     4
       Staff             |    10 |    17 |     4 ||    31
 Cast: Shock             |    63 |    43 |    22 ||   128
       Static Discharge  |     1 |     6 |     2 ||     9
  Use: Scroll            |     3 |       |       ||     3
 Stab: Sleeping          |       |     1 |       ||     1
Armor: Ring mail         |     2 |     6 |     1 ||     9
Dodge: Dodged            |     7 |    12 |     2 ||    21
